[Event "Titled Tuesday Blitz June 28 Late 2022"]
[White "Winkels, Marcel"]
[Black "Richter, Nils"]
[WhiteFideId "1003887"]
[BlackFideId "12990809"]
[WhiteElo "1900"]
[BlackElo "2311"]
[Result "0-1"]
[Round "07"]
[TimeControl "180+1"]
[Date "2022.06.29"]
[WhiteClock "0:00:11"]
[BlackClock "0:01:05"]

1. b3 a5 2. a3 a4 3. b4 d5 4. Bb2 Nf6 5. e3 Bg4 6. Be2 Bxe2 7. Qxe2 c6 8. Nf3 e6 9. O-O Bd6 10. d3 O-O 11. e4 Be7 12. Nbd2 Nbd7 13. Rfe1 h6 14. h3 Qc7 15. e5 Nh7 16. d4 b5 17. Nf1 Nb6 18. Ng3 Nc4 19. Bc3 Rae8 20. Nh2 f5 21. exf6 Bxf6 22. Ng4 Bh4 23. Kh2 Ng5 24. Ne5 Nxe5 25. dxe5 Bxg3+ 26. fxg3 Ne4 27. Bd4 c5 28. bxc5 Nxc5 29. Qxb5 Ne4 30. Qd3 Rc8 31. c3 Qc4 32. Qxc4 Rxc4 33. Rab1 Nxc3 34. Rb4 Rxb4 35. axb4 Nb5 36. Bb6 a3 37. Ba5 Rc8 38. Ra1 Rc2 39. g4 a2 40. Bb6 d4 41. Kg3 d3 42. Kf3 d2 43. Ke2 Nc3+ 44. Kd3 d1=Q+ 45. Rxd1 Nxd1 46. Kxc2 a1=Q 0-1


[Site "https://www.chess.com"]

[Event "Titled Tuesday Blitz June 28 Late 2022"]
[White "Xie, Bryan"]
[Black "Vivas Zamora, Fabian Ernesto"]
[WhiteFideId "30941296"]
[BlackFideId "3902480"]
[WhiteElo "1899"]
[BlackElo "2014"]
[Result "0-1"]
[Round "07"]
[TimeControl "180+1"]
[Date "2022.06.29"]
[WhiteClock "0:00:02"]
[BlackClock "0:00:11"]

1. e4 e5 2. Nf3 Nc6 3. Bc4 Nf6 4. d3 Bc5 5. O-O O-O 6. c3 d5 7. exd5 Nxd5 8. Re1 Bg4 9. Nbd2 Nb6 10. Bb5 Bd6 11. h3 Bh5 12. Ne4 f5 13. Nxd6 cxd6 14. Be3 e4 15. dxe4 fxe4 16. Bxb6 Qxb6 17. Bc4+ Kh8 18. Rxe4 Bxf3 19. gxf3 Qxb2 20. Rb1 Qxc3 21. Rxb7 Ne5 22. Be2 Rf6 23. Kf1 Raf8 24. Rxa7 Nxf3 25. Re3 Qc5 26. Ra4 Nh2+ 27. Kg1 Rxf2 28. Rae4 Qg5+ 29. Bg4 h5 30. Re8 hxg4 31. Rxf8+ Rxf8 32. Rg3 Nf3+ 33. Kg2 Nh4+ 34. Kh1 Qf4 35. Rxg4 Qf1+ 36. Qxf1 Rxf1+ 37. Kh2 Nf5 38. Kg2 Ne3+ 39. Kg3 Nxg4 40. Kxg4 Ra1 0-1


[Site "https://www.chess.com"]

[Event "Titled Tuesday Blitz June 28 Late 2022"]
[White "Xiong, Jeffery"]
[Black "Riehle, Marco"]
[WhiteFideId "2047640"]
[BlackFideId "12904392"]
[WhiteElo "2714"]
[BlackElo "2462"]
[Result "1/2-1/2"]
[Round "07"]
[TimeControl "180+1"]
[Date "2022.06.28"]
[WhiteClock "0:00:23"]
[BlackClock "0:00:12"]

1. d4 d5 2. c4 e6 3. Nf3 Nf6 4. e3 b6 5. b3 Bb7 6. Bd3 Bd6 7. O-O O-O 8. cxd5 exd5 9. Ba3 Ne4 10. Qc1 c5 11. Rd1 Qf6 12. Bb2 Qh6 13. dxc5 Bxc5 14. Nc3 Rc8 15. Bxe4 dxe4 16. Nd4 Nc6 17. Nxc6 Bxc6 18. Qd2 Qg5 19. Ne2 Rd8 20. Qc3 Rd3 21. Rxd3 exd3 22. Nf4 Be4 23. h4 Qg4 24. Qe5 d2 25. Qxe4 d1=Q+ 26. Rxd1 Qxd1+ 27. Kh2 Rd8 28. Qf5 Bf8 29. Bd4 Qd2 30. Nh5 Rxd4 31. exd4 Qxd4 32. g3 Qb2 33. Kg2 Qxa2 34. Qd5 Qc2 35. Nf4 Qc5 36. Qb7 a5 37. Nd5 h6 38. Nxb6 Qb4 39. Qa6 Bc5 40. Qa8+ Kh7 41. Nd7 Be7 42. Qd5 Kg8 43. Ne5 Bf6 44. Nxf7 Kh7 45. Qf5+ Kg8 46. Nxh6+ gxh6 47. Qxf6 Qxb3 48. Qd8+ Kh7 49. Qxa5 Qb7+ 50. Kh2 Qf7 51. Qd2 h5 52. Qd3+ Kg7 53. Kg2 Kh6 54. Qd6+ Kg7 55. Qe5+ Kh7 56. Qe4+ Kg7 57. Qf3 Kg8 58. Qxf7+ Kh8 59. Kf3 1/2-1/2


[Site "https://www.chess.com"]

[Event "Titled Tuesday Blitz June 28 Late 2022"]
[White "Xu, Yi"]
[Black "Salem, A.R. Saleh"]
[WhiteFideId "8605564"]
[BlackFideId "9301348"]
[WhiteElo "2471"]
[BlackElo "2679"]
[Result "0-1"]
[Round "07"]
[TimeControl "180+1"]
[Date "2022.06.28"]
[WhiteClock "0:00:03"]
[BlackClock "0:00:23"]

1. e4 c5 2. Nf3 d6 3. d4 cxd4 4. Nxd4 Nf6 5. Nc3 a6 6. f3 e5 7. Nb3 Be6 8. Be3 h5 9. Qd2 Nbd7 10. O-O-O Be7 11. Kb1 Rc8 12. h4 b5 13. Bg5 Nb6 14. Bxf6 gxf6 15. Nd5 Bxd5 16. exd5 f5 17. Na5 Bxh4 18. Nb7 Qe7 19. Nxd6+ Qxd6 20. Rxh4 f4 21. Bd3 Rc5 22. Rdh1 Nxd5 23. Rxh5 Rxh5 24. Rxh5 Ke7 25. Qe1 Ne3 26. Qh4+ Qf6 27. Qh3 Qe6 28. Qh4+ Qf6 29. Qh3 Rc6 30. Rh8 Nd1 31. Qh7 Nxb2 32. Be4 Nc4 33. Qg8 Nd2+ 34. Kc1 Nxe4 35. Qd8+ Ke6 36. Re8+ Kf5 37. fxe4+ Kg6 38. Rg8+ Kh7 39. Qf8 Rd6 40. Rg4 Rd8 41. Qc5 Rg8 42. Rxg8 Kxg8 43. Qc8+ Kg7 44. Kb2 Qe6 45. Qc5 Kf6 46. Qf2 Kg5 47. Ka3 Qd6+ 48. Kb3 Qe6+ 49. Kb2 Qc4 50. Qf3 Qd4+ 51. Kb3 Qc4+ 52. Kb2 Qc8 53. Qd3 Qe6 54. Qf3 Qc4 55. Kb1 Qd4 56. Kc1 a5 57. Kb1 b4 58. g3 Qg1+ 59. Kb2 Qxg3 60. Qf1 Qc3+ 61. Kb1 Qe3 62. Qg2+ Qg3 63. Qe2 f3 64. Qe3+ Qf4 65. Qf2 Qxe4 66. Kb2 Qd4+ 0-1


[Site "https://www.chess.com"]

[Event "Titled Tuesday Blitz June 28 Late 2022"]
[White "Yaksin, Oleg"]
[Black "Ibarra Jerez, Jose Carlos"]
[WhiteFideId "24105880"]
[BlackFideId "2226332"]
[WhiteElo "2256"]
[BlackElo "2628"]
[Result "0-1"]
[Round "07"]
[TimeControl "180+1"]
[Date "2022.06.28"]
[WhiteClock "0:00:08"]
[BlackClock "0:01:47"]

1. d4 Nf6 2. c4 d6 3. Nf3 g6 4. Nc3 Bf5 5. Qb3 b6 6. d5 Bg7 7. g3 O-O 8. Bg2 Na6 9. Nd2 Nc5 10. Qd1 Qd7 11. h3 Qc8 12. Nb3 e5 13. dxe6 Bxe6 14. Nxc5 bxc5 15. Bxa8 Qxa8 16. f3 Bxc4 17. Kf2 Re8 18. e4 d5 19. exd5 Nxd5 20. Nxd5 Re2+ 21. Qxe2 Bxe2 22. Ne7+ Kf8 23. Kxe2 Kxe7 24. Rd1 Qc6 25. Be3 Be5 26. Bf2 Qb5+ 27. Ke1 Bxb2 28. Rab1 Bc3+ 0-1


[Site "https://www.chess.com"]

[Event "Titled Tuesday Blitz June 28 Late 2022"]
[White "Zhigalko, Sergei"]
[Black "Janaszak, Dawid"]
[WhiteFideId "13502956"]
[BlackFideId "1119206"]
[WhiteElo "2662"]
[BlackElo "2199"]
[Result "1-0"]
[Round "07"]
[TimeControl "180+1"]
[Date "2022.06.28"]
[WhiteClock "0:00:28"]
[BlackClock "0:00:07"]

1. e4 c5 2. c3 e5 3. Nf3 Nc6 4. Bc4 Nf6 5. Ng5 d5 6. exd5 Na5 7. Bb5+ Bd7 8. Qa4 h6 9. Nf3 Bd6 10. d4 exd4 11. cxd4 O-O 12. Bxd7 Nxd7 13. O-O cxd4 14. Qxd4 Rc8 15. Nc3 Nc4 16. Ne4 Bb8 17. b3 Nde5 18. bxc4 Nxf3+ 19. gxf3 Qh4 20. f4 f5 21. Ng3 Rf6 22. Re1 Rg6 23. Bd2 Bd6 24. Re6 Bc5 25. Qc3 Rg4 26. Rae1 b5 27. Re8+ Rxe8 28. Rxe8+ Kf7 29. Re5 b4 30. Rxf5+ Kg6 31. Qd3 1-0


[Site "https://www.chess.com"]

[Event "Titled Tuesday Blitz June 28 Late 2022"]
[White "Zhu, Jiner"]
[Black "Terry, Renato"]
[WhiteFideId "8608059"]
[BlackFideId "3803457"]
[WhiteElo "2281"]
[BlackElo "2577"]
[Result "0-1"]
[Round "07"]
[TimeControl "180+1"]
[Date "2022.06.28"]
[WhiteClock "0:00:01"]
[BlackClock "0:00:56"]

1. e4 e6 2. d4 d5 3. Nc3 Nf6 4. e5 Nfd7 5. f4 c5 6. Nf3 Nc6 7. Be3 Be7 8. Qd2 O-O 9. dxc5 Qa5 10. h4 Bxc5 11. h5 Rd8 12. O-O-O Bb4 13. a3 Bxc3 14. Qxc3 Qxc3 15. bxc3 Nb6 16. Nd4 Bd7 17. Nxc6 Bxc6 18. Bd4 Na4 19. h6 g6 20. g4 a6 21. Rh3 Bb5 22. f5 Bxf1 23. Rxf1 Rac8 24. Kd2 Nb2 25. Ke2 b5 26. Rhf3 Rf8 27. fxe6 fxe6 28. Rf6 Rxf6 29. exf6 Kf7 30. g5 e5 31. Bb6 Rxc3 32. Kd2 Rxa3 33. Bc5 Nc4+ 34. Ke2 Rg3 35. Ra1 a5 36. Rb1 b4 37. Rd1 d4 38. Re1 Rxg5 39. Kd3 Nb2+ 40. Ke4 Na4 41. Be7 Nc3+ 42. Kd3 Rh5 43. Kc4 Rxh6 44. Rxe5 Rh5 45. Re1 Nb5 0-1


[Site "https://www.chess.com"]

[Event "Titled Tuesday Blitz June 28 Late 2022"]
[White "Abdrlauf, Elham"]
[Black "Plazuelo Pascual, Juan"]
[WhiteFideId "1533533"]
[BlackFideId "32059566"]
[WhiteElo "2403"]
[BlackElo "2359"]
[Result "1-0"]
[Round "08"]
[TimeControl "180+1"]
[Date "2022.06.28"]
[WhiteClock "0:00:03"]
[BlackClock "0:00:54"]

1. e4 c5 2. Nf3 Nc6 3. d4 cxd4 4. Nxd4 e5 5. Ne2 Nf6 6. Nbc3 Bc5 7. Ng3 d6 8. Bd3 h6 9. Na4 O-O 10. Nxc5 dxc5 11. c3 Be6 12. Qe2 Qc7 13. O-O c4 14. Bc2 b5 15. h3 b4 16. Be3 Qa5 17. Rfc1 Rac8 18. cxb4 Nxb4 19. Bd2 Qb6 20. Bc3 Nd7 21. Rd1 Rfd8 22. Nf1 Nc6 23. Ne3 Nd4 24. Qh5 Rc5 25. Rd2 Nf6 26. Qd1 Rc7 27. Qe1 Rcd7 28. Rad1 Bxh3 29. Nxc4 Qe6 30. Bxd4 Qg4 31. f3 Qh5 32. Bxe5 Bxg2 33. Kxg2 Qg5+ 34. Bg3 h5 35. Rxd7 Nxd7 36. f4 Qb5 37. Bb3 h4 38. Bxh4 Rc8 39. Nd6 Qh5 40. Bxf7+ 1-0


[Site "https://www.chess.com"]

[Event "Titled Tuesday Blitz June 28 Late 2022"]
[White "Aggelis, Nikolaos"]
[Black "Le Hetet, Nicolas"]
[WhiteFideId "4213220"]
[BlackFideId "634824"]
[WhiteElo "2154"]
[BlackElo "2345"]
[Result "0-1"]
[Round "08"]
[TimeControl "180+1"]
[Date "2022.06.29"]
[WhiteClock "0:00:05"]
[BlackClock "0:00:18"]

1. d4 d5 2. Nf3 Nf6 3. c4 c6 4. Nc3 e6 5. Bg5 dxc4 6. e4 b5 7. e5 h6 8. Bh4 g5 9. exf6 gxh4 10. Ne5 Qxf6 11. a4 Bb7 12. axb5 c5 13. Be2 Bxg2 14. Bf3 Bxf3 15. Qxf3 Qxf3 16. Nxf3 cxd4 17. Nxd4 Bc5 18. Nf3 h3 19. Ra4 Nd7 20. Rxc4 Rg8 21. Rh4 Rg2 22. Rf1 a6 23. Rxh6 axb5 24. Rh8+ Nf8 25. Ne4 Bb4+ 26. Ke2 Ra2 27. Rb1 f5 28. Neg5 Ke7 29. Nxh3 Bc5 30. Kf1 Rg4 31. Ne5 Re4 32. Nd3 Bd4 33. Rh6 Bg7 34. Rh5 Rd4 35. Nb4 Rxb4 36. Ng1 Rbxb2 37. Rxb2 Rxb2 38. Rh3 Ng6 39. Rg3 Nf4 40. Rxg7+ Kf6 41. Ne2 Rb1+ 0-1


[Site "https://www.chess.com"]

[Event "Titled Tuesday Blitz June 28 Late 2022"]
[White "Araujo Sanchez, Josue"]
[Black "Leenhouts, Koen"]
[WhiteFideId "6416896"]
[BlackFideId "1008439"]
[WhiteElo "2339"]
[BlackElo "2409"]
[Result "0-1"]
[Round "08"]
[TimeControl "180+1"]
[Date "2022.06.28"]
[WhiteClock "0:00:57"]
[BlackClock "0:00:38"]

1. e4 e5 2. Bc4 Nf6 3. d3 c6 4. Nf3 d6 5. O-O Be7 6. a4 O-O 7. Re1 Bg4 8. Nbd2 Nbd7 9. h3 Bh5 10. Nf1 Re8 11. g4 Bg6 12. Ng3 Nf8 13. Ba2 Ne6 14. Nh4 Nf4 15. Nxg6 hxg6 16. Bxf4 exf4 17. Ne2 g5 18. Nd4 d5 19. e5 Nh7 20. e6 Bf6 21. exf7+ Kxf7 22. Nf3 Nf8 23. d4 Ng6 24. c4 Qd7 25. cxd5 cxd5 26. Qb3 Rad8 27. a5 Kg8 28. Rxe8+ Qxe8 29. Qxb7 Qe4 30. Bb1 Qxf3 31. Bxg6 Bxd4 32. Qf7+ Kh8 33. Bf5 Qg3+ 34. Kh1 Qxh3+ 35. Kg1 Qg3+ 36. Kh1 Qf3+ 37. Kg1 Qxf2+ 38. Kh1 Qh4+ 39. Kg2 Qg3+ 0-1


[Site "https://www.chess.com"]

[Event "Titled Tuesday Blitz June 28 Late 2022"]
[White "Barria Zuniga, Daniel"]
[Black "Dardha, Daniel"]
[WhiteFideId "3400816"]
[BlackFideId "240990"]
[WhiteElo "2414"]
[BlackElo "2482"]
[Result "0-1"]
[Round "08"]
[TimeControl "180+1"]
[Date "2022.06.28"]
[WhiteClock "0:00:16"]
[BlackClock "0:01:12"]

1. d4 Nf6 2. c4 d6 3. Nf3 g6 4. Nc3 Bg7 5. e4 O-O 6. Be2 e5 7. d5 Nh5 8. g3 a5 9. h4 Nd7 10. Be3 Ndf6 11. Nd2 c6 12. Kf1 Qd7 13. Na4 Qd8 14. Kg2 c5 15. a3 Bd7 16. Nc3 Qc8 17. f3 Ne8 18. b4 axb4 19. axb4 Rxa1 20. Qxa1 cxb4 21. Nb5 f5 22. Bf2 f4 23. g4 Ng3 24. Bxg3 fxg3 25. Rc1 Bxg4 26. c5 Bh3+ 27. Kxg3 Bh6 28. Nc4 Bf4+ 29. Kf2 Qd8 30. Bf1 Qxh4+ 31. Ke2 Bxc1 32. Qxc1 Bxf1+ 33. Qxf1 Qh2+ 34. Qf2 Qxf2+ 35. Kxf2 dxc5 36. Nxe5 b3 37. Nc4 Nf6 38. Ke3 h5 39. d6 h4 40. e5 h3 41. Kf2 b2 42. Nxb2 Ng4+ 43. Kg3 Nxe5 44. Kxh3 Rxf3+ 45. Kg2 Rb3 46. Nc4 Nxc4 47. d7 Rd3 0-1


[Site "https://www.chess.com"]

[Event "Titled Tuesday Blitz June 28 Late 2022"]
[White "Bekturov, Tamerlan"]
[Black "Hakobyan, Aram"]
[WhiteFideId "13710184"]
[BlackFideId "13306677"]
[WhiteElo "2151"]
[BlackElo "2557"]
[Result "0-1"]
[Round "08"]
[TimeControl "180+1"]
[Date "2022.06.28"]
[WhiteClock "0:00:28"]
[BlackClock "0:02:01"]

1. d4 Nf6 2. c4 g6 3. Nc3 Bg7 4. e4 d6 5. Be2 O-O 6. h4 e5 7. d5 Na6 8. h5 Nc5 9. Qc2 a5 10. Be3 Bd7 11. hxg6 fxg6 12. Nh3 h6 13. Qc1 g5 14. f3 Nh5 15. Rh2 Nf4 16. Nxf4 exf4 17. Bf2 a4 18. Rb1 Qf6 19. Nd1 Rae8 20. b4 axb3 21. axb3 g4 22. Rh1 Nxe4 23. fxe4 Rxe4 24. Kf1 f3 25. Bd3 fxg2+ 26. Kxg2 Qf3+ 27. Kg1 Qxd3 0-1


[Site "https://www.chess.com"]

[Event "Titled Tuesday Blitz June 28 Late 2022"]
[White "Bluebaum, Matthias"]
[Black "Jorajuria Mendoza, Algol"]
[WhiteFideId "24651516"]
[BlackFideId "5128897"]
[WhiteElo "2556"]
[BlackElo "1600"]
[Result "1-0"]
[Round "08"]
[TimeControl "180+1"]
[Date "2022.06.28"]
[WhiteClock "0:00:35"]
[BlackClock "0:00:03"]

1. d4 Nf6 2. c4 e6 3. Nc3 d5 4. cxd5 exd5 5. Bg5 Be7 6. e3 Nbd7 7. Bd3 c6 8. h3 Ne4 9. Bxe7 Qxe7 10. Bxe4 dxe4 11. Qg4 Nf6 12. Qxg7 Rg8 13. Qh6 Rxg2 14. Nge2 Rg6 15. Qh4 Bf5 16. O-O-O O-O-O 17. Nf4 Rg7 18. Nh5 Rg6 19. Ng3 Qe6 20. Qf4 Bxh3 21. Rdg1 Rdg8 22. Qh4 Bg4 23. Kb1 Bf3 24. Rh3 Ng4 25. Nh5 Nxf2 26. Rxg6 Rxg6 27. Nf4 Rg1+ 28. Kc2 Bd1+ 29. Nxd1 Qc4+ 30. Nc3 Nxh3 31. Qxh3+ Kc7 32. Qh2 Qf1 33. Nfe2+ 1-0


[Site "https://www.chess.com"]

[Event "Titled Tuesday Blitz June 28 Late 2022"]
[White "Bobadilla Viera, Jorge Samuel"]
[Black "Zhu, Jiner"]
[WhiteFideId "3906353"]
[BlackFideId "8608059"]
[WhiteElo "2202"]
[BlackElo "2281"]
[Result "0-1"]
[Round "08"]
[TimeControl "180+1"]
[Date "2022.06.28"]
[WhiteClock "0:00:02"]
[BlackClock "0:00:06"]

1. e4 e5 2. Nf3 Nf6 3. Nxe5 d6 4. Nf3 Nxe4 5. d4 d5 6. Bd3 Bd6 7. O-O O-O 8. c4 c6 9. Re1 Bf5 10. Qc2 Nd7 11. Nc3 Ndf6 12. Ne5 c5 13. cxd5 Nxc3 14. Bxf5 Ncxd5 15. dxc5 Bxe5 16. Rxe5 Nb4 17. Qe2 Nc6 18. Bg5 Nxe5 19. Qxe5 Re8 20. Qg3 Qd4 21. h4 Ne4 22. Bxe4 Rxe4 23. h5 Rg4 24. Qe3 Qxe3 25. Bxe3 Rd8 26. h6 Rc4 27. hxg7 Kxg7 28. Kf1 Rc2 29. b4 Rd3 30. a4 Rb3 31. b5 Rb4 32. g3 a6 33. c6 axb5 34. axb5 bxc6 35. bxc6 Rxc6 36. Ra5 Rc2 37. Kg2 h6 38. Ra6 f6 39. Ra5 Kg6 40. Ra6 Re4 41. Kf3 Rec4 42. Ra8 Rc6 43. Ra5 Re6 44. g4 Rec6 45. Rh5 Kg7 46. Rxh6 Ra2 47. Rh5 Ra4 48. Rf5 Re6 49. Bf4 Rc6 50. Be3 Kg6 51. Bf4 Rcc4 52. Kg3 Re4 53. Kf3 Reb4 54. Kg3 Rb1 55. Kg2 Rd1 56. f3 Rd3 57. Bg3 Ra2+ 58. Kh3 Raa3 59. Kg2 Rdb3 60. Bh4 Ra2+ 61. Kg3 Ra6 62. Rc5 Rab6 63. Rf5 Re6 64. Kf4 Rb4+ 65. Kg3 Ra4 66. Rh5 Ra3 67. Rf5 Rc6 68. Kg2 Rb3 69. Kg3 Re6 70. Kg2 Re2+ 71. Kg3 Rb6 72. Rf4 Kg7 73. Rf5 Rc6 74. g5 fxg5 75. Rxg5+ Rg6 76. Rg4 Rxg4+ 77. fxg4 Kg6 78. Bd8 Ra2 79. Bc7 Ra3+ 80. Kh4 Ra4 81. Bd8 Rc4 82. Kg3 Kf7 83. g5 Kg6 84. Bf6 Kf5 85. Kf3 Ra4 86. Ke3 Ra3+ 87. Kd4 Ke6 88. Ke4 Ra4+ 89. Kd3 Kd5 90. Ke3 Re4+ 91. Kf3 Ra4 92. Ke3 Ke6 93. Kd3 Kf5 94. Ke3 Rb4 95. Kd3 Re4 96. Kc3 Re1 97. Kd3 Re6 98. Kd4 Rd6+ 99. Kc5 Rd1 100. Kc4 Ke6 101. Kc3 Rd7 102. Kc4 Rc7+ 103. Kd4 Rd7+ 104. Ke4 Ra7 105. Kf4 Ra4+ 106. Ke3 Kf5 107. Kd3 Ra3+ 108. Kd4 Rb3 109. Kc4 Rf3 110. Kd4 Rf1 111. Kd3 Re1 112. Kd4 Re4+ 113. Kd5 Re2 114. Kd4 Re4+ 115. Kd5 Re8 116. Kd6 Re6+ 117. Kd5 Ra6 118. Kd4 Ra4+ 119. Kd3 Kf4 120. Kc3 Ke4 121. g6 Ra3+ 122. Kb4 Rg3 123. g7 Kd5 124. Bc3 Rg4+ 125. Kb3 Kc5 126. Bf6 Rg3+ 127. Kc2 Kc4 128. Kd2 Kd5 129. Ke2 Rg6 130. Bc3 Ke4 131. Kf2 Rg5 132. Ke2 Rg2+ 133. Kf1 Kf3 0-1


[Site "https://www.chess.com"]

[Event "Titled Tuesday Blitz June 28 Late 2022"]
[White "Bortnyk, Olexandr"]
[Black "Van Foreest, Jorden"]
[WhiteFideId "14120828"]
[BlackFideId "1039784"]
[WhiteElo "2723"]
[BlackElo "2609"]
[Result "1-0"]
[Round "08"]
[TimeControl "180+1"]
[Date "2022.06.28"]
[WhiteClock "0:00:25"]
[BlackClock "0:00:45"]

1. d4 Nf6 2. Nc3 d5 3. Bf4 c5 4. e4 cxd4 5. Qxd4 Nc6 6. Qa4 Nxe4 7. Nxe4 dxe4 8. Ne2 e5 9. Bxe5 Qd5 10. Bc3 Bc5 11. Ng3 O-O 12. Bc4 Qg5 13. O-O Bf5 14. Qb5 Bg6 15. b4 Be7 16. Qxb7 Rfc8 17. b5 Nd8 18. Qd5 Rc5 19. Qxa8 Rxc4 20. Ba5 Kf8 21. Rad1 Ke8 22. Rd5 f5 23. Bxd8 Bxd8 24. Rfd1 1-0


[Site "https://www.chess.com"]

[Event "Titled Tuesday Blitz June 28 Late 2022"]
[White "Boruchovsky, Avital"]
[Black "Sadhwani, Raunak"]
[WhiteFideId "2800055"]
[BlackFideId "35093487"]
[WhiteElo "2466"]
[BlackElo "2616"]
[Result "0-1"]
[Round "08"]
[TimeControl "180+1"]
[Date "2022.06.28"]
[WhiteClock "0:00:02"]
[BlackClock "0:00:13"]

1. e4 e5 2. Nf3 Nc6 3. Bb5 Nge7 4. O-O Ng6 5. c3 a6 6. Ba4 d5 7. exd5 Qxd5 8. h3 Be6 9. d4 O-O-O 10. Be3 Be7 11. Nbd2 exd4 12. cxd4 Bf6 13. Bb3 Qd7 14. Bxe6 Qxe6 15. Nb3 Rhe8 16. Rc1 Nge7 17. Qc2 Qf5 18. Qd2 b6 19. Rc4 Kb7 20. Rfc1 Rd7 21. a4 a5 22. Qe2 Nb4 23. R4c3 Rb8 24. Ne5 Bxe5 25. dxe5 Ned5 26. Nxa5+ bxa5 27. Rc5 Kc8 28. Rxa5 Qxe5 29. Ra7 Nxe3 30. fxe3 Nd5 0-1


[Site "https://www.chess.com"]

[Event "Titled Tuesday Blitz June 28 Late 2022"]
[White "Capp, Stephen"]
[Black "Romero Ruscalleda, Josep"]
[WhiteFideId "2027089"]
[BlackFideId "2231859"]
[WhiteElo "2152"]
[BlackElo "2259"]
[Result "1/2-1/2"]
[Round "08"]
[TimeControl "180+1"]
[Date "2022.06.29"]
[WhiteClock "0:00:21"]
[BlackClock "0:00:24"]

1. e4 g6 2. Nc3 Bg7 3. f4 d6 4. Nf3 c5 5. Bb5+ Bd7 6. Bc4 Nc6 7. d3 a6 8. a4 Rc8 9. Bb3 Nf6 10. h3 Nd4 11. Nxd4 cxd4 12. Ne2 e5 13. O-O O-O 14. f5 d5 15. fxg6 hxg6 16. Ng3 Be6 17. Bg5 Rc6 18. exd5 Bxd5 19. Ne4 Bxb3 20. cxb3 Re8 21. Qf3 Ree6 22. a5 Qc7 23. h4 Nxe4 24. Qxe4 Rc2 25. Rac1 Rec6 26. Rxc2 Rxc2 27. h5 Qc6 28. hxg6 fxg6 29. Qxc6 bxc6 30. Rf2 Rxf2 31. Kxf2 Kf7 32. Kf3 Ke6 33. Ke4 Bf8 34. Bd8 Bd6 35. g4 Bb8 36. Bb6 Bd6 37. Bd8 Kd7 38. Bf6 Ke6 39. Bd8 1/2-1/2


[Site "https://www.chess.com"]

[Event "Titled Tuesday Blitz June 28 Late 2022"]
[White "Carrasco Miranda, Andres"]
[Black "Urbina Perez, Juan Antonio"]
[WhiteFideId "3405990"]
[BlackFideId "2217368"]
[WhiteElo "2177"]
[BlackElo "2192"]
[Result "1/2-1/2"]
[Round "08"]
[TimeControl "180+1"]
[Date "2022.06.29"]
[WhiteClock "0:00:19"]
[BlackClock "0:00:41"]

1. d4 Nf6 2. c4 e6 3. g3 d5 4. Nf3 g6 5. Bg2 Bg7 6. O-O O-O 7. Nbd2 Nc6 8. cxd5 exd5 9. Nb3 Re8 10. Bf4 Nh5 11. Bg5 Qd6 12. Qd2 Qb4 13. Rfe1 Qxd2 14. Bxd2 Nf6 15. Rac1 Ne4 16. Bf4 Re7 17. a3 Bg4 18. h3 Be6 19. Nc5 Rc8 20. Nxe6 Rxe6 21. e3 Re7 22. Bf1 Nd8 23. h4 Ne6 24. Bh3 c6 25. Bg5 N4xg5 26. hxg5 Rce8 27. Bxe6 Rxe6 28. Kg2 h5 29. gxh6 Bxh6 30. Rh1 Bg7 31. Rc2 a6 32. b4 Bf6 33. Rb1 g5 34. a4 Be7 35. b5 axb5 36. axb5 g4 37. Nh2 f5 38. bxc6 bxc6 39. Rb6 Rc8 40. Nf1 Kf7 41. Nd2 c5 42. Rxe6 Kxe6 43. dxc5 Rxc5 44. Rxc5 Bxc5 45. Kf1 Ke5 46. Nb3 Bb6 47. Ke2 Ke4 48. Nd2+ Ke5 49. Kd3 Ba5 50. Nb3 Be1 51. Ke2 Bc3 52. Nc5 d4 53. exd4+ Bxd4 54. Nd3+ Ke4 55. Ne1 Bc3 56. Nd3 Ba5 57. Nf4 Bc7 58. Nd3 Bd6 59. Ne1 Kd4 60. Nd3 Ke4 61. Ne1 f4 62. gxf4 Bxf4 63. Ng2 Be5 64. Ne3 g3 65. fxg3 Bxg3 1/2-1/2


[Site "https://www.chess.com"]

[Event "Titled Tuesday Blitz June 28 Late 2022"]
[White "Chernomordik, Pavel"]
[Black "Thiel, Thomas"]
[WhiteFideId "2804530"]
[BlackFideId "4615964"]
[WhiteElo "2220"]
[BlackElo "2253"]
[Result "1/2-1/2"]
[Round "08"]
[TimeControl "180+1"]
[Date "2022.06.29"]
[WhiteClock "0:00:04"]
[BlackClock "0:00:08"]

1. e4 d5 2. exd5 Nf6 3. Bb5+ Nbd7 4. c4 a6 5. Bxd7+ Qxd7 6. Nf3 e6 7. dxe6 Qxe6+ 8. Qe2 b5 9. cxb5 axb5 10. Nc3 b4 11. Qxe6+ Bxe6 12. Nb5 Kd7 13. Ne5+ Kc8 14. O-O Ra5 15. Nc6 Rxa2 16. Rxa2 Bxa2 17. d3 Kb7 18. Ne5 c6 19. Nd4 c5 20. Ndf3 Bd6 21. Bg5 Nd5 22. Nc4 Bc7 23. Ra1 Ra8 24. Re1 f6 25. Bd2 Rd8 26. Kf1 Nb6 27. Nxb6 Kxb6 28. Ke2 Bf7 29. Be3 Bg6 30. d4 c4 31. Rc1 Kb5 32. Nd2 Bf7 33. Ne4 Bb6 34. Nc5 Bxc5 35. dxc5 Ra8 36. Kf3 Ra2 37. Bd4 Kc6 38. Re1 c3 39. bxc3 b3 40. c4 Bxc4 41. Re7 Bd5+ 42. Kg3 b2 43. Bxb2 Rxb2 44. Rxg7 Kxc5 45. Rxh7 Kd6 46. f3 Ke6 47. Ra7 Bc4 48. Ra1 Be2 49. h4 Kf5 50. Ra5+ Kg6 51. h5+ Kh6 52. Kh4 Rb4+ 53. g4 Bxf3 54. Rf5 Rxg4+ 55. Kh3 Rg5 56. Rxf3 Rxh5+ 57. Kg4 Rg5+ 58. Kf4 Kg6 59. Ra3 Rb5 60. Kg4 Rb4+ 61. Kg3 Kg5 62. Ra8 f5 63. Rg8+ Kf6 64. Rf8+ Kg5 65. Rg8+ Kf6 66. Rf8+ Kg5 67. Rg8+ 1/2-1/2


[Site "https://www.chess.com"]

[Event "Titled Tuesday Blitz June 28 Late 2022"]
[White "Clarke, Brandon G I"]
[Black "Bayo Milagro, Alvaro"]
[WhiteFideId "400319"]
[BlackFideId "22275240"]
[WhiteElo "2414"]
[BlackElo "2270"]
[Result "1-0"]
[Round "08"]
[TimeControl "180+1"]
[Date "2022.06.28"]
[WhiteClock "0:00:09"]
[BlackClock "0:00:14"]

1. e4 e5 2. Nf3 Nc6 3. Bc4 Nf6 4. Ng5 d5 5. exd5 Na5 6. Bb5+ Bd7 7. Qe2 Be7 8. Nc3 O-O 9. O-O Bxb5 10. Qxb5 c6 11. dxc6 Nxc6 12. Qe2 Nd4 13. Qd1 Rc8 14. d3 b5 15. a3 a5 16. Be3 b4 17. axb4 axb4 18. Bxd4 Qxd4 19. Nf3 Qc5 20. Na4 Qxc2 21. Nxe5 Rfd8 22. Qxc2 Rxc2 23. Rac1 Rdc8 24. Nc4 Rxc1 25. Rxc1 Nd5 26. Re1 Bf6 27. b3 g6 28. g3 Rd8 29. Nc5 Nc3 30. Kg2 Kg7 31. Kf3 Bd4 32. Ne4 Ra8 33. Ned6 Ra2 34. Ne3 Rb2 35. Ndf5+ gxf5 36. Nxf5+ Kf6 37. Nxd4 Nd5 38. Ke4 Nc3+ 39. Kf3 Nd5 40. Ra1 Rd2 41. Ra6+ Ke7 42. Nf5+ Ke8 43. Nd6+ Ke7 44. Nf5+ Ke8 45. Ke4 Nf6+ 46. Rxf6 Rxf2 47. Ng7+ 1-0


[Site "https://www.chess.com"]

[Event "Titled Tuesday Blitz June 28 Late 2022"]
[White "Clawitter, Craig"]
[Black "Ipek, Egehan"]
[WhiteFideId "2023105"]
[BlackFideId "44523793"]
[WhiteElo "2238"]
[BlackElo "1413"]
[Result "0-1"]
[Round "08"]
[TimeControl "180+1"]
[Date "2022.06.29"]
[WhiteClock "0:00:06"]
[BlackClock "0:00:05"]

1. e4 c5 2. Nf3 e6 3. d4 cxd4 4. Nxd4 a6 5. Bd3 b5 6. a4 b4 7. O-O Bb7 8. Nd2 Nf6 9. Kh1 d5 10. e5 Nfd7 11. f4 Nc6 12. N2f3 Bc5 13. Nxc6 Bxc6 14. f5 Nf8 15. Ng5 exf5 16. Rxf5 Ra7 17. Qe2 Ne6 18. Nxe6 fxe6 19. Bg5 Be7 20. Rf7 Kxf7 21. Qh5+ Kg8 22. Be3 Be8 23. Qg4 Rc7 24. Rf1 Rc6 25. Bh6 Bg6 26. Bxg6 hxg6 27. Qxg6 Rxh6 28. Qf7+ Kh8 29. c3 bxc3 30. bxc3 Rxc3 31. h3 Rc4 32. Qf3 Bg5 33. Qg3 Bh4 34. Qf3 Re4 35. Qf7 Rxe5 36. Qa7 Re2 37. Rf7 Re1+ 38. Kh2 Qd6+ 0-1


[Site "https://www.chess.com"]

[Event "Titled Tuesday Blitz June 28 Late 2022"]
[White "Corrales Jimenez, Fidel"]
[Black "Bjelobrk, Igor"]
[WhiteFideId "3506690"]
[BlackFideId "4300726"]
[WhiteElo "2541"]
[BlackElo "2335"]
[Result "1-0"]
[Round "08"]
[TimeControl "180+1"]
[Date "2022.06.28"]
[WhiteClock "0:00:12"]
[BlackClock "0:00:19"]

1. d4 d5 2. c4 e6 3. Nf3 Nf6 4. cxd5 exd5 5. Nc3 c6 6. Bg5 Be7 7. Bxf6 Bxf6 8. e3 Bf5 9. Bd3 Bxd3 10. Qxd3 O-O 11. O-O Nd7 12. b4 a6 13. a4 b5 14. Rac1 Nb6 15. axb5 axb5 16. e4 dxe4 17. Nxe4 Nd5 18. Qd2 Re8 19. Rfe1 Re6 20. Nc5 Rxe1+ 21. Rxe1 g6 22. g3 Kg7 23. h4 h5 24. Ne5 Qd6 25. Re2 Re8 26. Qe1 Re7 27. f4 Kg8 28. Kh2 Kg7 29. Ra2 Nc7 30. Qf2 Nd5 31. Qd2 Nc7 32. Ne4 Qd5 33. Nxf6 Kxf6 34. Rc2 Re6 35. f5 gxf5 36. Qg5# 1-0


[Site "https://www.chess.com"]